 Dungeon Crawl Stone Soup version 0.29.0-4-gdea44cf6ec (webtiles) character file.

Game seed: 4406897341704373198

70 qw the Ruffian (level 4, -2/35 HPs)
             Began as a Ghoul Fire Elementalist on Aug 29, 2022.
             Slain by Ijyb
             ... wielding a +0 club
              (3 damage)
             ... on level 3 of the Dungeon.
             The game lasted 00:01:37 (2623 turns).

qw the Ruffian (Ghoul Fire Elementalist)            Turns: 2623, Time: 00:01:37

Health: -2/35      AC:  5    Str: 13    XL:     4   Next: 21%
Magic:  5/5        EV: 10    Int: 10    God:
Gold:   100        SH:  0    Dex:  9    Spells: 5/6 levels left

rFire   . . .      SeeInvis .     - Unarmed
rCold   + . .      Faith    .   (no shield)
rNeg    + + +      Spirit   .   f - +0 ring mail
rPois   inf        Reflect  .   (no helmet)
rElec   .          Harm     .   (no cloak)
rCorr   .          Rampage  .   (no gloves)
Will    .....                   (no boots)
Stlth   +.........              a - amulet of the acrobat
HPRegen 0.00/turn               (no ring)
MPRegen 0.09/turn               (no ring)

@: inhibited regen
A: claws 1, cold resistance 1, negative energy resistance 3, inhibited
regeneration, torment resistance 2, devour on kill
a: no special abilities


You were on level 3 of the Dungeon.
You visited 1 branch of the dungeon, and saw 3 of its levels.

You collected 100 gold pieces.


Innate Abilities, Weirdness & Mutations

You are immune to poison.
You have sharp fingernails.
Your flesh is cold resistant. (rC+)
You are immune to negative energy. (rN+++)
You do not regenerate when monsters are visible.
You are immune to unholy pain and torment.
You thrive by killing the living.


   Skills:
 - Level 1.1 Fighting
 - Level 1.7 Dodging
 - Level 2.1 Stealth
 + Level 3.8 Unarmed Combat
 - Level 1.7 Spellcasting
 - Level 0.7 Conjurations
 - Level 2.4 Fire Magic


You had 5 spell levels left.
You knew the following spells:

 Your Spells              Type           Power      Damage    Failure   Level
a - Foxfire               Conj/Fire      16%        2x1d4     36%         1

Your spell library contained the following spells:

 Spells                   Type           Power      Damage    Failure   Level
 Scorch                   Fire           10%        2d5       36%         2
 Conjure Flame            Conj/Fire      4%         6-21      73%         3
 Inner Flame              Hex/Fire       3%         N/A       78%         3
 Flame Wave               Conj/Fire      4%         2d5       98%         4

Inventory:

Armour
 f - a +0 ring mail (worn)
Jewellery
 a - an amulet of the acrobat (around neck)
Scrolls
 g - a scroll of identify
Potions
 c - a potion of curing
 e - a potion of cancellation

Dungeon Overview and Level Annotations

Branches:
Dungeon (3/15)

Altars:
Uskayaw

Annotations:
D:3 Ijyb


Message History

You closely miss Ijyb.
Ijyb is heavily wounded.
Ijyb hits you with a +0 club.
You completely miss Ijyb.
Ijyb is heavily wounded.
Ijyb hits you but does no damage.
You miss Ijyb.
Ijyb is heavily wounded.
Ijyb closely misses you.
You barely miss Ijyb.
Ijyb is heavily wounded.
Ijyb closely misses you.
You scratch Ijyb.
Ijyb is heavily wounded.
Ijyb screams, "I no like you!" Ijyb hits you with a +0 club.
You completely miss Ijyb.
Ijyb is heavily wounded.
Ijyb hits you with a +0 club.
You closely miss Ijyb.
Ijyb is heavily wounded.
Ijyb closely misses you.
You scratch Ijyb but do no damage.
Ijyb is heavily wounded.
Ijyb hits you but does no damage.
You barely miss Ijyb.
Ijyb is heavily wounded.
Ijyb hits you with a +0 club.
You closely miss Ijyb.
Ijyb is heavily wounded.
Ijyb hits you with a +0 club.
You scratch Ijyb.
Ijyb is severely wounded.
Ijyb closely misses you.
You scratch Ijyb.
Ijyb is severely wounded.
You scratch Ijyb.
Ijyb is almost dead.
Ijyb hits you with a +0 club.
You die...

.# #. #####.#
#.##$....##
##.........#
##....... ..#
...)..... ..#
#....#.##..#
#..........####
#....g@.......#
#....#.#.#.##.#
#... #.#.#.#
##. ..#.# .
#######.######
.............#
########.###.#
#.# #.# #.# #.#


You could see Ijyb.

Vanquished Creatures
  4 adders
  A worm (D:2)
  6 endoplasms
  2 giant cockroaches (D:2)
  4 hobgoblins
  A quokka (D:1)
  4 ball pythons (D:2)
  3 bats
  A frilled lizard (D:1)
  2 kobolds (D:2)
  3 rats
31 creatures vanquished.

Notes
Turn   | Place    | Note
-------+----------+-------------------------------------------
     0 | D:1      | qw the Ghoul Fire Elementalist began the quest for the Orb.
     0 | D:1      | Reached XP level 1. HP: 14/14 MP: 2/2
     0 | D:1      | 0 ||| qw: Version: 0.1-a-90-g952f4b7
     0 | D:1      | 0 ||| qw: Game counter: 3926
     0 | D:1      | 0 ||| qw: Always use a shield: true
     0 | D:1      | 0 ||| qw: God list: Okawaru
     0 | D:1      | 0 ||| qw: Allow faded altars: false
     0 | D:1      | 0 ||| qw: Do Orc after D:15 true
     0 | D:1      | 0 ||| qw: Do second Lair branch before Depths: true
     0 | D:1      | 0 ||| qw: Lair rune preference: random
     0 | D:1      | 0 ||| qw: Plans: Normal
     0 | D:1      | 0 ||| PLANNING D:1-11
   434 | D:1      | Reached skill level 1 in Unarmed Combat
   564 | D:1      | Reached XP level 2. HP: 21/22 MP: 3/3
   666 | D:1      | Found a faded altar of an unknown god.
   744 | D:1      | Reached skill level 1 in Fighting
  1260 | D:1      | 1260 ||| UPGRADING to +0 ring mail.
  1270 | D:1      | 1270 ||| DROPPING +0 robe.
  1271 | D:1      | 1271 ||| READING 3 scrolls labelled CEG LY KAOFAPT.
  1272 | D:1      | 1272 ||| READING scroll labelled INOOBBU FAIMP.
  1273 | D:1      | 1273 ||| DRINKING 2 blue potions.
  1274 | D:1      | 1274 ||| DRINKING 2 brown potions.
  1275 | D:1      | 1275 ||| DROPPING potion of magic.
  1344 | D:2      | 1344 ||| STAIRDANCE
  1368 | D:2      | 1368 ||| STAIRDANCE
  1530 | D:2      | Found a hide-covered altar of Uskayaw.
  1585 | D:2      | Reached skill level 2 in Unarmed Combat
  1674 | D:2      | Reached XP level 3. HP: 26/28 MP: 4/4
  2248 | D:2      | Reached skill level 3 in Unarmed Combat
  2343 | D:2      | Reached XP level 4. HP: 34/35 MP: 5/5
  2495 | D:2      | 2495 ||| UPGRADING to amulet of the acrobat.
  2500 | D:2      | 2500 ||| READING scroll labelled ZUG LEKHIMOWK.
  2501 | D:2      | 2501 ||| READING scroll labelled CUOTEG NAEMASOE.
  2502 | D:2      | 2502 ||| READING 2 scrolls of identify.
  2502 | D:2      | 2502 ||| IDENTIFYING lumpy puce potion
  2503 | D:2      | 2503 ||| DROPPING potion of lignification.
  2540 | D:3      | 2540 ||| PLANNING SEWER
  2590 | D:3      | Noticed Ijyb
  2592 | D:3      | 2592 ||| Stepping ~*~*~tactically~*~*~ (hiding).
  2616 | D:3      | HP: 4/35 [Ijyb/+0 club (5)]
  2620 | D:3      | HP: 1/35 [Ijyb/+0 club (2)]
  2623 | D:3      | Slain by Ijyb

Levels and vault maps discovered:
D:1:      elethiomel_arrival_infinity_welcomes_careful_drivers,
          layout_loops_corners, hellmonk_ecumenical_altar_zigzags
D:2:      layout_loops_ring, basic_altar
D:3:      layout_basic, serial_shops, shop, nicolae_lakefront_shop,
          portal_sewer_entry_f, uniq_robin, uniq_ijyb, uniq_grinder

Skill      XL: |  1  2  3 |
---------------+----------+-----
Unarmed Combat | 1 2 3 |  3.8
Fighting       | 1 |  1.1
Dodging        | |  1.7
Stealth        | |  2.1
Spellcasting   | |  1.7
Conjurations   | |  0.7
Fire Magic     | |  2.4

Action                   |  1- 3 |  4- 6 || total
-------------------------+-------+-------++-------
Melee: Unarmed           |   124 |    38 ||   162
Throw: Boomerang         |    22 |       ||    22
  Use: Scroll            |     2 |     3 ||     5
       Potion            |     2 |       ||     2
Armor: Robe              |     7 |       ||     7
       Ring mail         |    22 |     4 ||    26
Dodge: Dodged            |    64 |    17 ||    81

Table legend:
 A = Non-vault XP
 B = Vault XP
 C = Vault XP percentage of total XP
 D = Non-vault monster count
 E = Vault monster count
 F = Vault count percentage of total count
                 A         B        C        D         E       F
            +---------+---------+-------+---------+---------+-------
      Total |     100 |       0 |   0.0 |      31 |       0 |   0.0
            +---------+---------+-------+---------+---------+-------
        D:1 |      15 |       0 |   0.0 |       9 |       0 |   0.0
        D:2 |      72 |       0 |   0.0 |      21 |       0 |   0.0
        D:3 |      13 |       0 |   0.0 |       1 |       0 |   0.0
            +---------+---------+-------+---------+---------+-------
